 Dungeon Crawl Stone Soup version 0.22.0-13-g43fe8f24b8 (webtiles) character file.

159 PikkenKukken the Vexing (level 5, -4/40 HPs)
             Began as a Gnoll Arcane Marksman on Aug 17, 2018.
             Slain by a phantom (7 damage)
             ... on level 3 of the Dungeon.
             The game lasted 00:09:52 (2708 turns).

PikkenKukken the Vexing (Gnoll Arcane Marksman)     Turns: 2708, Time: 00:09:52

Health: -4/40      AC:  4    Str: 12    XL:     5   Next: 40%
Magic:  5/9        EV: 15    Int: 15    God:
Gold:   135        SH:  0    Dex: 17    Spells: 7/10 levels left

rFire    . . .     SeeInvis .   v - +2 whip (venom)
rCold    . . .     Gourm    .   (no shield)
rNeg     . . .     Faith    .   a - +1 robe
rPois    .         Spirit   .   (no helmet)
rElec    .         Reflect  .   g - +0 cloak
rCorr    .         Harm     .   (no gloves)
MR       .....                  (no boots)
Stlth    ++........             (no amulet)
HPRegen  0.13/turn              (no ring)
MPRegen  0.11/turn              (no ring)

@: very slightly contaminated
A: distributed training, fangs 1, strong nose
a: no special abilities


You were on level 3 of the Dungeon.
You were not hungry.

You visited 1 branch of the dungeon, and saw 4 of its levels.

You collected 135 gold pieces.

Inventory:

Hand Weapons
 b - a +1 dagger
 j - a +0 falchion
 p - a +2 great mace of protection
 u - a +0 hunting sling
 v - a +2 whip of venom (weapon)
Missiles
 d - 2 throwing nets (quivered)
 t - 11 arrows
Armour
 a - a +1 robe (worn)
 g - a +0 cloak (worn)
Wands
 s - a wand of flame (18)
Scrolls
 e - a scroll of amnesia
 k - a scroll of remove curse
 o - a scroll of teleportation
 w - a scroll of enchant armour
Potions
 h - a potion of haste {unknown}
 i - 4 potions of cancellation
 l - 2 potions of curing {unknown}
 m - a potion of magic {unknown}
 n - 2 potions of heal wounds
 q - a potion of might {unknown}
 r - a potion of agility {unknown}
Comestibles
 f - 6 rations


   Skills:
 + Level 2.9 Fighting
 + Level 1.4 Short Blades
 + Level 1.4 Long Blades
 + Level 1.4 Axes
 + Level 1.4 Maces & Flails
 + Level 1.4 Polearms
 + Level 1.4 Staves
 + Level 1.4 Slings
 + Level 1.4 Bows
 + Level 1.4 Crossbows
 + Level 4.7 Throwing
 + Level 1.4 Armour
 + Level 4.7 Dodging
 + Level 1.4 Stealth
 + Level 1.4 Shields
 + Level 1.4 Unarmed Combat
 + Level 3.1 Spellcasting
 + Level 1.1 Conjurations
 + Level 5.5 Hexes
 + Level 1.1 Charms
 + Level 1.1 Summonings
 + Level 1.1 Necromancy
 + Level 1.1 Translocations
 + Level 1.1 Transmutations
 + Level 1.1 Fire Magic
 + Level 1.1 Ice Magic
 + Level 1.1 Air Magic
 + Level 1.1 Earth Magic
 + Level 1.1 Poison Magic
 + Level 1.6 Invocations
 + Level 1.4 Evocations


You had 7 spell levels left.
You knew the following spells:

 Your Spells              Type           Power        Failure   Level  Hunger
a - Corona                Hex            ###....      1%          1    #......
b - Slow                  Hex            ###.....     3%          2    ##.....

Your spell library contained the following spells:

 Spells                   Type           Power        Failure   Level  Hunger
 Cause Fear               Hex            ###.......   21%         4    #####..
 Portal Projectile        Hex/Tloc       ##....       16%         3    ###....
 Leda's Liquefaction      Hex/Erth       ##........   45%         4    #####..
 Inner Flame              Hex/Fire       ##......     16%         3    ###....


Dungeon Overview and Level Annotations

Branches:
Dungeon (4/15)
 Temple: D:4-7

Altars:
Fedhas


Innate Abilities, Weirdness & Mutations

Your experience applies equally to all skills.
You have very sharp teeth.
Your uncanny sense of smell can sniff out nearby items.


Message History

You are too injured to fight recklessly!
All of the chunks of flesh in your inventory have rotted away.
You hit the phantom but do no damage. Your bite misses the phantom.
The phantom hits you!
* * * LOW HITPOINT WARNING * * *
You completely miss the phantom. Your bite misses the phantom.
The phantom misses you.
You hit the phantom.
The phantom is lightly damaged.
You hit the phantom. You bite the phantom, but do no damage.
The phantom is moderately damaged.
The phantom hits you!
* * * LOW HITPOINT WARNING * * *
You barely miss the phantom. Your bite misses the phantom.
The phantom is moderately damaged.
The phantom hits you but does no damage.
You barely miss the phantom.
The phantom is moderately damaged.
The phantom hits you!
You die...

#.....#.# #.......####
#.........^#
##....#.#.##
###......### ####
####.......# #...
#........#.# #...
#....W.#.#.# ######...
#....@...#####........
#####.#...............
#.#....###......#.
#..>............([
######.###......##
#...######.#
#..........#
#......#.#.#
#......#.#.##


You could see a phantom.

Vanquished Creatures
  Ijyb (D:3)
  An orc wizard (D:3)
  3 adders (D:2)
  An ooze (D:1)
  An adder skeleton (D:3)
  2 worms (D:2)
  2 dart slugs
  3 leopard geckos
  8 orcs
  5 bats
  5 giant cockroaches
  4 goblins
  2 hobgoblins (D:2)
  2 jackals (D:2)
  2 ball pythons
  9 frilled lizards
  5 kobolds
  2 rats (D:3)
58 creatures vanquished.

Notes
Turn   | Place    | Note
-------+----------+-------------------------------------------
     0 | D:1      | PikkenKukken the Gnoll Arcane Marksman began the quest for the Orb.
     0 | D:1      | Reached XP level 1. HP: 17/17 MP: 4/4
   108 | D:1      | Reached XP level 2. HP: 22/23 MP: 5/5
   234 | D:1      | Learned a level 2 spell: Slow
   897 | D:2      | Reached XP level 3. HP: 28/28 MP: 7/7
  1031 | D:2      | Reached skill level 1 in Invocations
  1257 | D:2      | Found a blossoming altar of Fedhas.
  1333 | D:2      | Reached skill level 1 in Short Blades
  1333 | D:2      | Reached skill level 1 in Long Blades
  1333 | D:2      | Reached skill level 1 in Axes
  1333 | D:2      | Reached skill level 1 in Maces & Flails
  1333 | D:2      | Reached skill level 1 in Polearms
  1333 | D:2      | Reached skill level 1 in Staves
  1333 | D:2      | Reached skill level 1 in Slings
  1333 | D:2      | Reached skill level 1 in Bows
  1333 | D:2      | Reached skill level 1 in Crossbows
  1333 | D:2      | Reached skill level 1 in Armour
  1333 | D:2      | Reached skill level 1 in Stealth
  1333 | D:2      | Reached skill level 1 in Shields
  1333 | D:2      | Reached skill level 1 in Unarmed Combat
  1333 | D:2      | Reached skill level 1 in Evocations
  1437 | D:2      | Reached XP level 4. HP: 27/34 MP: 3/8
  2245 | D:3      | Reached skill level 1 in Conjurations
  2245 | D:3      | Reached skill level 1 in Charms
  2245 | D:3      | Reached skill level 1 in Summonings
  2245 | D:3      | Reached skill level 1 in Necromancy
  2245 | D:3      | Reached skill level 1 in Translocations
  2245 | D:3      | Reached skill level 1 in Transmutations
  2245 | D:3      | Reached skill level 1 in Fire Magic
  2245 | D:3      | Reached skill level 1 in Ice Magic
  2245 | D:3      | Reached skill level 1 in Air Magic
  2245 | D:3      | Reached skill level 1 in Earth Magic
  2245 | D:3      | Reached skill level 1 in Poison Magic
  2282 | D:3      | Reached XP level 5. HP: 35/40 MP: 3/9
  2405 | D:3      | Noticed Ijyb
  2465 | D:3      | Killed Ijyb
  2681 | D:4      | Noticed a phantom
  2708 | D:3      | Slain by a phantom

Skill      XL: |  1  2  3  4 |
---------------+-------------+-----
Invocations    | 1 |  1.6
Short Blades   | 1 |  1.4
Long Blades    | 1 |  1.4
Axes           | 1 |  1.4
Maces & Flails | 1 |  1.4
Polearms       | 1 |  1.4
Staves         | 1 |  1.4
Slings         | 1 |  1.4
Bows           | 1 |  1.4
Crossbows      | 1 |  1.4
Armour         | 1 |  1.4
Stealth        | 1 |  1.4
Shields        | 1 |  1.4
Unarmed Combat | 1 |  1.4
Evocations     | 1 |  1.4
Spellcasting   | 3 |  3.1
Conjurations   | 1 |  1.1
Charms         | 1 |  1.1
Summonings     | 1 |  1.1
Necromancy     | 1 |  1.1
Translocations | 1 |  1.1
Transmutations | 1 |  1.1
Fire Magic     | 1 |  1.1
Ice Magic      | 1 |  1.1
Air Magic      | 1 |  1.1
Earth Magic    | 1 |  1.1
Poison Magic   | 1 |  1.1
Fighting       | |  2.9
Throwing       | |  4.7
Dodging        | |  4.7
Hexes          | |  5.5

Action                   |  1- 3 |  4- 6 || total
-------------------------+-------+-------++-------
Melee: Dagger            |   106 |    17 ||   123
       Bite              |     9 |     8 ||    17
       Unarmed           |     1 |       ||     1
       Whip              |       |    57 ||    57
       Falchion          |       |    15 ||    15
       Great mace        |       |     7 ||     7
Throw: Javelin           |    38 |     7 ||    45
       Throwing net      |     6 |     3 ||     9
 Cast: Slow              |    12 |     8 ||    20
       Corona            |     2 |     4 ||     6
  Use: Scroll            |     6 |     5 ||    11
 Stab: Sleeping          |       |     1 ||     1
       Held in net/web   |       |     2 ||     2
  Eat: Chunk             |     2 |     5 ||     7
Armor: Robe              |    19 |    18 ||    37
Dodge: Dodged            |    74 |    71 ||   145
       Rpst.: Falchion   |       |     6 ||     6
